 Dungeon Crawl Stone Soup version 0.24-a0-525-g9231cdcba1 (webtiles) character file.

Game seed: 427606100264627762

50 Inquire the Sneak (level 3, -2/42 HPs)
             Began as a Demonspawn Assassin on Aug 1, 2019.
             Slain by Natasha (4 damage)
             ... on level 2 of the Dungeon.
             The game lasted 00:01:14 (731 turns).

Inquire the Sneak (Demonspawn Assassin)              Turns: 731, Time: 00:01:14

Health: -2/42      AC: 21    Str: 11    XL:     3   Next: 55%
Magic:  2/2        EV:  2    Int: 14    God:
Gold:   58         SH:  0    Dex: 15    Spells: 2/2 levels left

rFire    . . .     SeeInvis +   a - +2 dagger
rCold    . . .     Gourm    .   (no shield)
rNeg     + + +     Faith    .   (armour currently unavailable)
rPois    +         Spirit   .   (helmet currently unavailable)
rElec    .         Reflect  .   (cloak currently unavailable)
rCorr    .         Harm     .   (gloves currently unavailable)
MR       .....     NoTele   +   (boots currently unavailable)
Stlth    ++........             (no amulet)
HPRegen  0.14/turn              (no ring)
MPRegen  0.08/turn              (no ring)

@: tree-form
A: see invisible, clever 1, demonic guardian 1, low mp 1
a: no special abilities


You were on level 2 of the Dungeon.
You were not hungry.
You were a tree.
You visited 1 branch of the dungeon, and saw 2 of its levels.

You collected 58 gold pieces.

Inventory:

Hand Weapons
 a - a +2 dagger (weapon)
Missiles
 d - 7 poisoned darts (quivered)
Armour
 b - a +0 robe (melded)
 c - a +0 cloak (melded)
Potions
 i - a potion of flight
Comestibles
 f - 3 rations


   Skills:
 * Level 2.9 Fighting
 * Level 2.6 Short Blades
 - Level 1.7 Throwing
 + Level 1.5 Dodging
 - Level 3.6 Stealth


You had 2 spell levels left.
You didn't know any spells.
Your spell library was empty.

Dungeon Overview and Level Annotations

Branches:
Dungeon (2/15)

Altars:

Annotations:
D:2 Natasha


Innate Abilities, Weirdness & Mutations

((You have a pair of small antennae on your head.))
A weak demonic guardian rushes to your aid.
((You have large cloven feet.))
You have supernaturally acute eyesight. (SInv)
Your mind is acute. (Int +2)
Your magical capacity is low. (-10% MP)


Message History

Natasha mewls in sadness.
Natasha claws you but does no damage.
You aren't carrying any items that you can evoke.
Unknown command.
Okay, then.
You aren't carrying any scrolls.
Unknown command.
You closely miss Natasha.
Natasha is moderately wounded.
Natasha claws you but does no damage.
Unknown command.
You hit Natasha but do no damage.
Natasha is heavily wounded.
Your shadow imp disappears in a puff of smoke!
Natasha claws you but does no damage.
Unknown command.
You closely miss Natasha.
Natasha is heavily wounded.
Natasha claws you.
You die...

#### #####..
>. #.h.#.###
#..
#♣#.#h#.#....
#5#.....#....
#§#.†........
#....%.......
#..........#.
#..........#
###+#.####...
#.#.# ##
#<..#


You could see Natasha and a friendly white imp.

Vanquished Creatures
  Natasha (D:2)
  An adder (D:2)
  An ooze (D:1)
  A giant cockroach (D:1)
  3 hobgoblins (D:1)
  6 jackals (D:1)
  A kobold (D:1)
  A rat (D:1)
15 creatures vanquished.

Vanquished Creatures (collateral kills)
  A hobgoblin (D:2)
1 creature vanquished.

Grand Total: 16 creatures vanquished

Notes
Turn   | Place    | Note
-------+----------+-------------------------------------------
     0 | D:1      | Inquire the Demonspawn Assassin began the quest for the
                  | Orb.
     0 | D:1      | Reached XP level 1. HP: 16/16 MP: 1/1
    90 | D:1      | Reached skill level 1 in Dodging
   199 | D:1      | Gained mutation: A weak demonic guardian rushes to your
                  | aid. [demonic ancestry]
   199 | D:1      | Reached XP level 2. HP: 22/22 MP: 2/2
   625 | D:2      | Gained mutation: You have large cloven feet. [potion of
                  | mutation]
   625 | D:2      | Gained mutation: Your magical capacity is low. (-10% MP)
                  | [potion of mutation]
   625 | D:2      | Gained mutation: Your mind is acute. (Int +2) [potion of
                  | mutation]
   625 | D:2      | Gained mutation: You have supernaturally acute eyesight.
                  | (SInv) [potion of mutation]
   627 | D:2      | Noticed Natasha
   636 | D:2      | Killed Natasha
   636 | D:2      | Gained mutation: You have a pair of small antennae on your
                  | head. [demonic ancestry]
   636 | D:2      | Reached XP level 3. HP: 27/28 MP: 2/2
   709 | D:2      | Noticed Natasha
   725 | D:2      | HP: 1/42 [Natasha (5)]
   731 | D:2      | Slain by Natasha

Levels and vault maps discovered:
D:1:      lemuel_arrival_broad_hall, layout_loops_ring
D:2:      layout_basic, uniq_natasha

Skill      XL: |  1 |
---------------+----+-----
Dodging        | 1 |  1.5
Short Blades   | 2 |  2.6
Fighting       | |  2.9
Throwing       | |  1.7
Stealth        | |  3.6

Action                   || total
-------------------------++-------
Melee: Dagger            ||    58
Throw: Dart              ||     3
  Use: Scroll            ||     3
       Potion            ||     3
 Stab: Sleeping          ||     2
       Distracted        ||     1
Armor: Robe              ||     9
       Skin              ||    11
Dodge: Dodged            ||    27

Table legend:
 A = Non-vault XP
 B = Vault XP
 C = Vault XP percentage of total XP
 D = Non-vault monster count
 E = Vault monster count
 F = Vault count percentage of total count
                 A         B        C        D         E       F
            +---------+---------+-------+---------+---------+-------
      Total |      42 |      30 |  41.7 |      15 |       1 |   6.2
            +---------+---------+-------+---------+---------+-------
        D:1 |      30 |       0 |   0.0 |      13 |       0 |   0.0
        D:2 |      12 |      30 |  71.4 |       2 |       1 |  33.3
            +---------+---------+-------+---------+---------+-------
